 Dungeon Crawl Stone Soup version 0.21.1-1-g345015f (webtiles) character file.

186 HEYYEYAAE the Chiller (level 5, -3/41 HPs)
             Began as a Draconian Ice Elementalist on Feb 23, 2018.
             Slain by a black bear (13 damage)
             ... on level 4 of the Dungeon.
             The game lasted 00:03:19 (2274 turns).

HEYYEYAAE the Chiller (Draconian Ice Elementalist)  Turns: 2274, Time: 00:03:20

Health: -3/41      AC:  5    Str: 16    XL:     5   Next: 38%
Magic:  1/9        EV: 12    Int: 16    God:
Gold:   102        SH:  0    Dex: 11    Spells: 8/9 levels left

rFire    . . .     SeeInvis .   n - +0 trident
rCold    . . .     Gourm    .   (no shield)
rNeg     . . .     Faith    .   (armour unavailable)
rPois    .         Spirit   .   (helmet restricted)
rElec    .         Reflect  .   (no cloak)
rCorr    .         Harm     .   (no gloves)
MR       .....                  (no boots)
Stlth    +.........             (no amulet)
HPRegen  0.13/turn              h - +5 ring of strength
MPRegen  0.11/turn              e - ring of loudness (curse)

@: no status effects
A: unfitting armour, cold-blooded, AC +5
a: no special abilities


You were on level 4 of the Dungeon.
You were not hungry.

You visited 1 branch of the dungeon, and saw 6 of its levels.

You collected 102 gold pieces.

Inventory:

Hand Weapons
 n - a +0 trident (weapon)
Jewellery
 d - an uncursed ring of see invisible
 e - a cursed ring of loudness (right hand)
 h - a +5 ring of strength (left hand)
 p - an uncursed amulet of magic regeneration {unknown}
Wands
 m - a wand of polymorph (7)
Scrolls
 c - 3 scrolls of random uselessness {unknown}
 f - a scroll of identify {unknown}
 g - a scroll of teleportation {unknown}
 j - a scroll of immolation {unknown}
 k - a scroll of remove curse {unknown}
 l - a scroll of magic mapping {unknown}
Potions
 i - a potion of brilliance {unknown}
Books
 a - a book of Frost

   Spells                             Type                      Level
   a - Freeze                         Ice                          1
   b - Throw Frost                    Conjuration/Ice              2
   c - Ozocubu's Armour               Charms/Ice                   3
   d - Throw Icicle                   Conjuration/Ice              4
   e - Summon Ice Beast               Ice/Summoning                4
Comestibles
 b - 8 rations
 o - 2 chunks of flesh


   Skills:
 + Level 2.2 Fighting
 + Level 2.7 Dodging
 - Level 1.7 Stealth
 + Level 2.9 Spellcasting
   Level 1.0 Conjurations
 * Level 4.5 Ice Magic


You had 8 spell levels left.
You knew the following spells:

 Your Spells              Type           Power        Failure   Level  Hunger
a - Freeze                Ice            ###.         3%          1    #......


Dungeon Overview and Level Annotations

Branches:
Dungeon (6/15)
 Temple: D:4-7

Altars:

Annotations:
D:5 Grinder


Innate Abilities, Weirdness & Mutations

Your plain brown scales are hard. (AC +5)
You cannot fit into any form of body armour.
You are cold-blooded and may be slowed by cold attacks.


Message History

The black bear claws you but does no damage.
The black bear misses you. The black bear closely misses you. x3
Casting: Freeze
Confirm with . or Enter, or press ? or * to list all spells.
Aiming: Freeze
Press: ? - help, Shift-Dir - straight line, f/p - black bear
Aim: a black bear (almost dead, berserk, fast, unusually strong)
You freeze the black bear.
The black bear is almost dead.
The black bear closely misses you. x2; The black bear claws you.
* * * LOW HITPOINT WARNING * * *
Casting: Freeze
Confirm with . or Enter, or press ? or * to list all spells.
Aiming: Freeze
Press: ? - help, Shift-Dir - straight line, f/p - black bear
Aim: a black bear (almost dead, berserk, fast, unusually strong)
You freeze the black bear.
The black bear is almost dead.
The black bear bites you!
You die...

#....####..###..
#....#..#..#
#....#..#..###
#....#.......#
#............#
#............#
#............#
#########.####
......h@.#
##########


You could see a black bear (berserk).

Vanquished Creatures
  A hound (D:5)
  Terence (D:2)
  A worker ant (D:4)
  Robin (D:2)
  2 adders (D:2)
  An adder zombie (D:2)
  A leopard gecko (D:2)
  An orc (D:5)
  3 giant cockroaches
  10 goblins
  15 hobgoblins
  4 jackals
  2 ball pythons (D:3)
  7 bats
  8 frilled lizards
  A jackal skeleton (D:5)
  8 kobolds
  5 rats
72 creatures vanquished.

Notes
Turn   | Place    | Note
-------+----------+-------------------------------------------
     0 | D:1      | HEYYEYAAE the Draconian Ice Elementalist began the quest for the Orb.
     0 | D:1      | Reached XP level 1. HP: 14/14 MP: 3/3
   204 | D:1      | Reached XP level 2. HP: 22/22 MP: 5/5
   599 | D:2      | Reached skill level 1 in Fighting
   665 | D:2      | Reached XP level 3. HP: 20/28 MP: 2/6
  1301 | D:2      | Noticed Terence
  1308 | D:2      | Killed Terence
  1308 | D:2      | Reached skill level 4 in Ice Magic
  1308 | D:2      | Reached XP level 4. HP: 21/35 MP: 1/7
  1474 | D:2      | Noticed Robin
  1661 | D:2      | Killed Robin
  1957 | D:3      | You fall through a shaft for 3 floors!
  1979 | D:5      | Entered Level 5 of the Dungeon
  2145 | D:5      | Reached XP level 5. HP: 38/41 MP: 4/9
  2156 | D:5      | Noticed Grinder
  2262 | D:4      | Noticed a black bear
  2274 | D:4      | Slain by a black bear

Skill      XL: |  1  2  3  4 |
---------------+-------------+-----
Dodging        | 2 |  2.7
Fighting       | 1 2 |  2.2
Ice Magic      | 4 |  4.5
Stealth        | |  1.7
Spellcasting   | |  2.9
Conjurations   | |  1.0

Action                   |  1- 3 |  4- 6 || total
-------------------------+-------+-------++-------
Melee: Unarmed           |    82 |       ||    82
       Tailslap          |     8 |     6 ||    14
       Trident           |       |    58 ||    58
 Cast: Freeze            |    53 |    45 ||    98
 Stab: Sleeping          |     3 |       ||     3
       Distracted        |     1 |       ||     1
  Eat: Chunk             |     1 |     4 ||     5
Armor: Skin              |    48 |    44 ||    92
Dodge: Dodged            |    88 |    99 ||   187
